 Dungeon Crawl Stone Soup version 0.20-a0-263-g81abdfb (webtiles) character file.

136 roflturtle the Slasher (level 4, 0/29 HPs)
             Began as a High Elf Skald on Dec 5, 2016.
             Slain by an ogre
             ... wielding a +0 giant club
              (29 damage)
             ... on level 3 of the Dungeon.
             The game lasted 00:09:51 (3744 turns).

roflturtle the Slasher (High Elf Skald)             Turns: 3744, Time: 00:09:53

Health: 0/29       AC:  3    Str: 11    XL:     4   Next: 98%
Magic:  4/9        EV: 12    Int: 16    God:
Gold:   83         SH:  0    Dex: 15    Spells: 1/9 levels left

rFire  . . .     SeeInvis .     a - +0 falchion
rCold  . . .     Gourm    .     b - +0 leather armour
rNeg   . . .     Faith    .     (no shield)
rPois  .         Spirit   .     (no helmet)
rElec  .         Reflect  .     (no cloak)
rCorr  .         Harm     .     (no gloves)
MR     .....                    (no boots)
Stlth  +.........               (no amulet)
                                (no ring)
                                (no ring)

@: infused
A: no striking features
a: no special abilities


You were on level 3 of the Dungeon.
You were not hungry.

You visited 1 branch of the dungeon, and saw 3 of its levels.

You collected 83 gold pieces.

Inventory:

Hand Weapons
 a - a +0 falchion (weapon)
Missiles
 r - 5 tomahawks (quivered)
Armour
 b - a +0 leather armour (worn)
 m - a +0 leather armour of fire resistance
Scrolls
 e - a scroll of remove curse {unknown}
 g - 7 scrolls of identify {unknown}
 i - 4 scrolls of teleportation {unknown}
 j - 2 scrolls of random uselessness {unknown}
 k - a scroll of blinking {unknown}
 l - a scroll of immolation {unknown}
 o - a scroll of recharging {unknown}
 q - a scroll of magic mapping {unknown}
Potions
 f - a potion of heal wounds {unknown}
 h - a potion of might {unknown}
 p - a potion of degeneration {unknown}
Books
 c - a book of Battle

   Spells                             Type                      Level
   a - Infusion                       Charms                       1
   b - Shroud of Golubria             Charms/Translocation         2
   c - Song of Slaying                Charms                       2
   d - Spectral Weapon                Hexes/Charms                 3
   e - Regeneration                   Charms/Necromancy            3
Comestibles
 d - 2 bread rations


   Skills:
 - Level 2.0 Fighting
 - Level 5.0 Long Blades
 - Level 0.8 Armour
 - Level 2.3 Dodging
 - Level 3.1 Spellcasting
 + Level 4.1 Charms


You had one spell level left.
You knew the following spells:

 Your Spells              Type           Power        Failure   Level  Hunger
a - Infusion              Chrm           ###.         6%          1    None
b - Song of Slaying       Chrm           ###.....     10%         2    ##.....
c - Shroud of Golubria    Chrm/Tloc      #.........   17%         2    ##.....
d - Regeneration          Chrm/Necr      #.........   34%         3    ###....


Dungeon Overview and Level Annotations

Branches:
Dungeon (3/15)

Altars:


Message History

Space distorts slightly along a thin shroud covering your body.
The ogre barely misses you.
You hit the ogre.
The ogre is lightly wounded.
Your shroud bends the ogre's attack away.
Casting: Shroud of Golubria
Confirm with . or Enter, or press ? or * to list all spells.
You begin infusing your attacks with magical energy.
You barely miss the ogre.
The ogre is lightly wounded.
The ogre closely misses you.
All of the chunks of flesh in your inventory have rotted away.
You hit the ogre.
The ogre is moderately wounded.
The ogre closely misses you.
You hit the ogre.
The ogre is heavily wounded.
The ogre hits you with a giant club!!
Ouch! That really hurt!
You die...

.#.......#.....##.#.........
.#.......#.....##.#.########.
..........#.##...............
.##.....#.#.#####.#######..##
.##.....#.#.................#
.##.....#.####..........#...#
.##.......# #.##.#####.#...###
.#......... #........#.#...#.#
........... ###@.#.#.#.#...#.#
.....###... #O.#.#.#.#...#.#
.....### #######..#...........#
)).....# #.....#..#.#.#.#...#.#
.....#.###............#.#...#.#
>.....................#.#...#.#
.....#.###.....####.###.#...#.#
....................# #.#...#.#
.####.##########O######.#...#.#


You could see an ogre.

Vanquished Creatures
  Terence (D:3)
  Robin (D:2)
  3 adders
  A worm (D:2)
  2 dart slugs
  2 leopard geckos
  2 orcs (D:3)
  A giant cockroach (D:2)
  9 hobgoblins
  9 kobolds
  A quokka (D:2)
  2 ball pythons
  10 bats
  2 frilled lizards (D:2)
  14 goblins
  8 rats
68 creatures vanquished.

Notes
Turn   | Place    | Note
-------+----------+-------------------------------------------
     0 | D:1      | roflturtle the High Elf Skald began the quest for the Orb.
     0 | D:1      | Reached XP level 1. HP: 14/14 MP: 4/4
    48 | D:1      | Reached skill level 3 in Long Blades
   329 | D:1      | Reached XP level 2. HP: 16/19 MP: 3/6
   721 | D:1      | Reached skill level 4 in Long Blades
   834 | D:1      | Reached XP level 3. HP: 13/24 MP: 7/7
  1988 | D:2      | Noticed Robin
  2052 | D:2      | Reached XP level 4. HP: 6/29 MP: 0/9
  2126 | D:2      | Killed Robin
  2777 | D:3      | Noticed Terence
  2787 | D:3      | Killed Terence
  2792 | D:3      | Learned a level 2 spell: Song of Slaying
  2795 | D:3      | Learned a level 2 spell: Shroud of Golubria
  2799 | D:3      | Learned a level 3 spell: Regeneration
  3113 | D:3      | Reached skill level 5 in Long Blades
  3619 | D:3      | Noticed an ogre
  3744 | D:3      | Slain by an ogre

Vault maps used:
D:1:      minmay_arrival_open_corners, serial_curves, eino_curves_03,
          eino_curves_04
D:2:      uniq_robin
D:3:      uniq_terence

Skill      XL: |  1  2  3  4 |
---------------+-------------+-----
Long Blades    | 3 4 5 |  5.0
Charms         | 4 |  4.1
Dodging        | 2 |  2.3
Spellcasting   | 3 |  3.1
Fighting       | |  2.0
Armour         | |  0.8

Action                   |  1- 3 |  4- 6 || total
-------------------------+-------+-------++-------
Melee: Falchion          |   149 |    66 ||   215
 Cast: Infusion          |     6 |     5 ||    11
       Shroud of Golubri |       |     3 ||     3
  Use: Potion            |       |     2 ||     2
  Eat: Chunk             |     4 |     5 ||     9
Armor: Leather armour    |    47 |    10 ||    57
Dodge: Dodged            |   124 |    49 ||   173
       Rpst.: Falchion   |    33 |    22 ||    55
